Workbook

Sheet Dashboard
B1: Lindenfeld Garden Supply (fictional)
B2: Monthly KPI dashboard · sample data
B4: Month | C4: 46296 | D4: ◄ pick a month from the list | F4: row # | G4: =IFERROR(MATCH($C$4,Data!$A$6:$A$17,0),1)
B6: KPI | C6: Selected month | D6: vs previous month | E6: vs YTD average | F6: Target | G6: Status
B7: Revenue | C7: =INDEX(Data!B$6:B$17,$G$4) | D7: =IF($G$4=1,"n/a",IFERROR(C7/INDEX(Data!B$6:B$17,$G$4-1)-1,"n/a")) | E7: =IFERROR(C7/AVERAGE(INDEX(Data!B$6:B$17,1):INDEX(Data!B$6:B$17,$G$4))-1,"n/a") | F7: 45000 | G7: =IF(F7="","",IF(C7>=F7,"On target","Below target"))
B8: Costs | C8: =INDEX(Data!C$6:C$17,$G$4) | D8: =IF($G$4=1,"n/a",IFERROR(C8/INDEX(Data!C$6:C$17,$G$4-1)-1,"n/a")) | E8: =IFERROR(C8/AVERAGE(INDEX(Data!C$6:C$17,1):INDEX(Data!C$6:C$17,$G$4))-1,"n/a") | F8: 31000 | G8: =IF(F8="","",IF(C8<=F8,"Within budget","Over budget"))
B9: Gross margin % | C9: =INDEX(Data!G$6:G$17,$G$4) | D9: =IF($G$4=1,"n/a",(C9-INDEX(Data!G$6:G$17,$G$4-1))*100) | E9: =(C9-AVERAGE(INDEX(Data!G$6:G$17,1):INDEX(Data!G$6:G$17,$G$4)))*100 | F9: 0.32 | G9: =IF(F9="","",IF(C9>=F9,"On target","Below target"))
B10: New customers | C10: =INDEX(Data!D$6:D$17,$G$4) | D10: =IF($G$4=1,"n/a",IFERROR(C10/INDEX(Data!D$6:D$17,$G$4-1)-1,"n/a")) | E10: =IFERROR(C10/AVERAGE(INDEX(Data!D$6:D$17,1):INDEX(Data!D$6:D$17,$G$4))-1,"n/a") | F10: 250 | G10: =IF(F10="","",IF(C10>=F10,"On target","Below target"))
B11: Orders | C11: =INDEX(Data!E$6:E$17,$G$4) | D11: =IF($G$4=1,"n/a",IFERROR(C11/INDEX(Data!E$6:E$17,$G$4-1)-1,"n/a")) | E11: =IFERROR(C11/AVERAGE(INDEX(Data!E$6:E$17,1):INDEX(Data!E$6:E$17,$G$4))-1,"n/a") | F11: 800 | G11: =IF(F11="","",IF(C11>=F11,"On target","Below target"))
B12: Avg order value | C12: =INDEX(Data!F$6:F$17,$G$4) | D12: =IF($G$4=1,"n/a",IFERROR(C12/INDEX(Data!F$6:F$17,$G$4-1)-1,"n/a")) | E12: =IFERROR(C12/AVERAGE(INDEX(Data!F$6:F$17,1):INDEX(Data!F$6:F$17,$G$4))-1,"n/a") | F12: 56 | G12: =IF(F12="","",IF(C12>=F12,"On target","Below target"))
B13: Targets (mint cells) are editable. Costs are a ceiling; everything else is a floor.
B15: Year to date | C15: =$C$4
B16: Revenue | C16: Costs | D16: Gross profit | E16: Gross margin % | F16: New customers | G16: Orders
B17: =SUM(INDEX(Data!B$6:B$17,1):INDEX(Data!B$6:B$17,$G$4)) | C17: =SUM(INDEX(Data!C$6:C$17,1):INDEX(Data!C$6:C$17,$G$4)) | D17: =B17-C17 | E17: =IFERROR(D17/B17,0) | F17: =SUM(INDEX(Data!D$6:D$17,1):INDEX(Data!D$6:D$17,$G$4)) | G17: =SUM(INDEX(Data!E$6:E$17,1):INDEX(Data!E$6:E$17,$G$4))
B19: Sample workbook from PixelMint Lab · pixelmintlab.com · fictional data

Sheet Data
A1: Lindenfeld Garden Supply (fictional) · monthly KPIs 2026
A2: Sample data, fictional. Paste your own monthly figures over the mint-shaded columns.
A3: Grey columns are formulas. Leave them alone; they follow your figures.
A5: Month | B5: Revenue | C5: Costs | D5: New customers | E5: Orders | F5: Avg order value | G5: Gross margin %
A6: 46023 | B6: 21400 | C6: 16200 | D6: 118 | E6: 372 | F6: =IFERROR(B6/E6,0) | G6: =IFERROR((B6-C6)/B6,0)
A7: 46054 | B7: 24800 | C7: 18100 | D7: 134 | E7: 421 | F7: =IFERROR(B7/E7,0) | G7: =IFERROR((B7-C7)/B7,0)
A8: 46082 | B8: 41200 | C8: 28300 | D8: 236 | E8: 689 | F8: =IFERROR(B8/E8,0) | G8: =IFERROR((B8-C8)/B8,0)
A9: 46113 | B9: 58600 | C9: 39800 | D9: 342 | E9: 934 | F9: =IFERROR(B9/E9,0) | G9: =IFERROR((B9-C9)/B9,0)
A10: 46143 | B10: 66900 | C10: 44600 | D10: 391 | E10: 1052 | F10: =IFERROR(B10/E10,0) | G10: =IFERROR((B10-C10)/B10,0)
A11: 46174 | B11: 61300 | C11: 41700 | D11: 355 | E11: 981 | F11: =IFERROR(B11/E11,0) | G11: =IFERROR((B11-C11)/B11,0)
A12: 46204 | B12: 47800 | C12: 33400 | D12: 264 | E12: 802 | F12: =IFERROR(B12/E12,0) | G12: =IFERROR((B12-C12)/B12,0)
A13: 46235 | B13: 42500 | C13: 29900 | D13: 231 | E13: 745 | F13: =IFERROR(B13/E13,0) | G13: =IFERROR((B13-C13)/B13,0)
A14: 46266 | B14: 46200 | C14: 31600 | D14: 258 | E14: 801 | F14: =IFERROR(B14/E14,0) | G14: =IFERROR((B14-C14)/B14,0)
A15: 46296 | B15: 44100 | C15: 29900 | D15: 247 | E15: 759 | F15: =IFERROR(B15/E15,0) | G15: =IFERROR((B15-C15)/B15,0)
A16: 46327 | B16: 37900 | C16: 27300 | D16: 201 | E16: 668 | F16: =IFERROR(B16/E16,0) | G16: =IFERROR((B16-C16)/B16,0)
A17: 46357 | B17: 39800 | C17: 29100 | D17: 226 | E17: 702 | F17: =IFERROR(B17/E17,0) | G17: =IFERROR((B17-C17)/B17,0)
A19: The Dashboard reads rows 6 to 17 (12 months). Keep exactly 12 rows, oldest at the top.

Sheet Read me
B2: PixelMint Lab · KPI Starter Lite
B3: A free sample dashboard. One year of monthly figures in, six KPIs, two charts and a year-to-date summary out. No macros, no add-ins, no links to other files.
B5: Plug in your own data (3 steps)
B6: 1. Open the Data tab. Paste your 12 months and figures over the mint-shaded columns (Month, Revenue, Costs, New customers, Orders). First-of-month dates, oldest at the top. The grey columns are formulas; leave them.
B7: 2. On the Dashboard, type your own targets into the mint cells in the Target column. Costs are treated as a ceiling, everything else as a floor.
B8: 3. Pick a month in the cell next to "Month". The six readouts, the changes and the year-to-date strip all update. The charts always show the full year.
B10: What the full version adds
B11: The full KPI Starter adds more KPIs, a quarterly view and a 24-month history. This Lite sample stays on one year and six numbers on purpose.
B13: Good to know
B14: • Works in Excel 2019, 2021 and Microsoft 365 on Windows, and Excel for Mac. It uses only INDEX, MATCH, SUM, AVERAGE, IF, and IFERROR.
B15: • Excel for the web and Google Sheets open it too. The Excel Table and the combo chart may look slightly different there, and some conditional formatting can be simplified.
B16: • The sample company, Lindenfeld Garden Supply, and every number in it are fictional.
... B23: Microsoft and Excel are trademarks of the Microsoft group of companies. PixelMint Lab is not affiliated with Microsoft.
